 Dungeon Crawl Stone Soup version 0.25.1-2-g60ff931df9 (webtiles) character file.

Game seed: 17849465718959099216

126786 mandarbmax the Markscentaur (level 16, -2/146 HPs)
             Began as a Centaur Hunter on Oct 24, 2020.
             Was the Champion of Okawaru.
             Killed from afar by a fire dragon (47 damage)
             ... with a blast of flame
             ... on level 4 of the Swamp.
             The game lasted 01:13:24 (36745 turns).

mandarbmax the Markscentaur (Centaur Hunter)       Turns: 36745, Time: 01:13:25

Health: -2/146     AC: 18    Str: 23    XL:     16   Next: 44%
Magic:  23/23      EV: 16    Int: 13    God:    Okawaru [******]
Gold:   4752       SH:  0    Dex: 19    Spells: 15/15 levels left

rFire    . . .     SeeInvis .   a - +8 longbow (elec)
rCold    + + +     Gourm    .   (shield currently unavailable)
rNeg     . . .     Faith    +   A - +0 swamp dragon scales
rPois    +         Spirit   .   (helmet restricted)
rElec    .         Reflect  .   G - scarf {repulsion}
rCorr    .         Harm     .   T - +1 pair of gloves {Dex+3}
MR       +....     Rnd*Rage +   t - +0 centaur barding of Narcissism {rC+ Str+4 Int+3 Dex+3}
Stlth    +.........             y - amulet of faith
HPRegen  0.34/turn              r - ring of protection from cold
MPRegen  0.18/turn              I - ring of wizardry

@: lethally poisoned (-2 -> -2), repel missiles, very quick
A: large, hooves 3, horns 1, berserk 1, cold resistance 1, deformed body, speed
2, tough skin 3, subdued magic 1
a: Heroism, Finesse, Renounce Religion


You were on level 4 of the Swamp.
You worshipped Okawaru.
Okawaru was exalted by your worship.
You were not hungry.

You visited 5 branches of the dungeon, and saw 28 of its levels.
You also visited: Volcano.

You collected 6278 gold pieces.
You spent 1526 gold pieces at shops.

Inventory:

Hand Weapons
 a - a +8 longbow of electrocution (weapon)
 b - the +7 lajatang of Order {silver, rMut}
   (You found it on level 8 of the Dungeon)

   It protects you from mutation.
Missiles
 d - 372 arrows (quivered)
 e - 3 throwing nets
 q - 36 poisoned darts
 z - 12 atropa-tipped darts
 L - 8 curare-tipped darts
Armour
 t - the +0 centaur barding of Narcissism (worn) {rC+ Str+4 Int+3 Dex+3}
   (You acquired it on level 11 of the Dungeon)

   It affects your strength (+4).
   It affects your intelligence (+3).
   It affects your dexterity (+3).
   It protects you from cold.
 A - +0 swamp dragon scales (worn)
 E - a +0 centaur barding of fire resistance
 F - a +2 centaur barding of flying
 G - a scarf of repulsion (worn)
 T - a +1 pair of gloves of dexterity (worn)
 Z - a +4 scale mail
Jewellery
 l - a +6 ring of intelligence
 r - a ring of protection from cold (left hand)
 y - an amulet of faith (around neck)
 I - a ring of wizardry (right hand)
 P - an uncursed ring of flight
Wands
 h - a wand of digging (3)
 S - a wand of acid (4)
Scrolls
 g - 3 scrolls of vulnerability
 n - 3 scrolls of fog
 o - 7 scrolls of amnesia
 p - 6 scrolls of blinking
 s - 2 scrolls of holy word
 x - 2 scrolls of magic mapping
 B - a scroll of enchant weapon
 D - 8 scrolls of teleportation
 J - 2 scrolls of summoning
 K - a scroll of remove curse
 M - a scroll of identify
 O - 3 scrolls of fear
 V - a scroll of silence
 W - a scroll of brand weapon
Potions
 c - 3 potions of mutation
 i - 2 potions of stabbing
 k - 8 potions of brilliance
 m - 4 potions of might
 v - a potion of haste
 C - 3 potions of berserk rage
 H - 4 potions of heal wounds
 N - 9 potions of curing
 R - a potion of cancellation
 U - 3 potions of magic
 X - a potion of flight
 Y - a potion of resistance
Miscellaneous
 u - a tin of tremorstones (3/3)
 w - a lightning rod (4/4)
 Q - a phial of floods
Comestibles
 f - 46 rations
 j - 9 chunks of flesh


   Skills:
 - Level 14.0 Fighting
 + Level 20.7 Bows
 + Level 11.3 Armour
 - Level 12.0 Dodging
 - Level 0.4 Stealth
 - Level 10.0 Invocations


You had 15 spell levels left.
You didn't know any spells.
Your spell library contained the following spells:

 Spells                   Type           Power        Failure   Level  Hunger
 Animate Skeleton         Necr           N/A          16%         1    ##.....
 Freeze                   Ice            #...         16%         1    ##.....
 Magic Dart               Conj           #...         16%         1    ##.....
 Pain                     Necr           #...         16%         1    ##.....
 Sandblast                Erth           #.....       16%         1    ##.....
 Shock                    Conj/Air       #...         16%         1    ##.....
 Blink                    Tloc           N/A          22%         2    ###....
 Call Imp                 Summ           #.......     22%         2    ###....
 Slow                     Hex            #.......     22%         2    ###....
 Swiftness                Chrm/Air       #.......     22%         2    ###....
 Conjure Flame            Conj/Fire      #.......     41%         3    ####...
 Frozen Ramparts          Ice            #.....       41%         3    ####...
 Mephitic Cloud           Conj/Pois/Air  #.......     41%         3    ####...
 Ozocubu's Armour         Chrm/Ice       #.......     41%         3    ####...
 Static Discharge         Conj/Air       #.......     41%         3    ####...
 Vampiric Draining        Necr           #.........   41%         3    ####...
 Airstrike                Air            #.........   82%         4    #####..
 Animate Dead             Necr           N/A          82%         4    #####..
 Hailstorm                Conj/Ice       #.......     82%         4    #####..
 Summon Ice Beast         Ice/Summ       #.......     82%         4    #####..
 Agony                    Necr           #.......     98%         5    ######.
 Lee's Rapid Deconstruct  Erth           #.........   98%         5    ######.
 Lightning Bolt           Conj/Air       #.........   98%         5    ######.
 Shatter                  Erth           #.........   100%        9    #######


Dungeon Overview and Level Annotations

Branches:
Dungeon (15/15)            Temple (1/1) D:6            Lair (6/6) D:10
  Swamp (4/4) Lair:2       Spider (0/4) Lair:3        Slime (0/5) Lair:6
    Orc (2/2) D:10            Elf (0/3) Orc:2       Volcano (visited)
 Vaults: D:13-14     Depths: D:15

Altars:
Ashenzari
Cheibriados
Dithmenos
Fedhas
Hepliaklqana
Kikubaaqudgha
Makhleb
Nemelex Xobeh
Okawaru
Qazlal
Uskayaw
Vehumet
Wu Jian
Xom
Zin
The Shining One
Beogh
Jiyva

Shops:
D:8 *:   D:10 *   Orc:2 ([%(

Portals:
Trove: D:12 (give +6 demon blade)

Annotations:
D:11 3 runed translucent doors, xzight's ghost, journeyman MiBe


Innate Abilities, Weirdness & Mutations

You have hooves in place of feet.
Armour fits poorly on your strangely shaped body.
You cover ground very quickly.
You have extremely tough skin. (AC +3)
You have a pair of small horns on your head.
You tend to lose your temper in combat.
Your flesh is cold resistant. (rC+)
Your spells are a little easier to cast, but a little less powerful.


Message History

You are too injured to fight recklessly!
Unknown command.
Unknown command.
You are too injured to fight recklessly!
Unknown command.
You feel sick. The fire dragon closely misses you. The fire dragon misses you.
The fire dragon tramples you but does no damage.
You see here an arrow.
You enter the shallow water.
Moving in this stuff is going to be slow.
The fire dragon breathes flames at you.
The blast of flame hits the fire dragon.
The fire dragon resists.
The blast of flame hits you!!
You see here an arrow.
You feel sick.
You feel a bit more experienced.
You feel sick. The fire dragon breathes flames at you.
The blast of flame hits the fire dragon!
The fire dragon resists.
The blast of flame hits you!!!
You die...

♣.≈≈≈≈. ♣♣ ♣♣≈.≈≈.♣
♣♣≈♣♣♣♣.≈..≈.♣♣♣ ♣♣
♣♣...♣..?..♣..≈§♣♣♣ ≈.♣♣
♣..≈..≈≈≈♣♣≈...≈≈≈♣.≈≈[.
♣♣......(.♣....≈≈§♣.[.≈
♣.≈.^♣≈≈♣[...≈≈≈≈≈≈≈≈≈♣ ≈♣
.♣. ♣≈(≈DD§D.≈≈§≈≈♣.. .≈♣
..≈..♣(.≈♣##♣.@≈...♣♣♣
!≈≈.
§≈....≈([#.###♣≈...≈≈≈♣
♣♣§≈≈≈
≈§.(♣♣♣.♣(#.###♣≈≈≈.≈.♣♣
♣≈≈.≈≈≈ ..
#♣##(.≈.#♣≈.≈≈≈≈.♣♣≈≈...≈.
#kk≈.≈##♣≈≈≈≈≈≈.♣.≈≈..≈♣
.kk°≈(##♣..≈≈≈≈≈≈.♣
≈≈kD°≈.## #♣≈≈≈≈≈≈.≈♣♣♣♣
≈≈≈#≈≈≈≈≈. ♣.≈≈≈≈≈<♣♣.P.♣♣
≈≈
#≈≈☼≈.##♣≈≈≈≈≈≈PP♣♣PPP.♣


You could see 2 fire dragons and a swamp dragon.

Vanquished Creatures
  A thorn hunter (Swamp:4)
  Gastronok (D:8)
  An orc warlord (Orc:2)
  The ghost of dcgrp the Frost Mage, a journeyman DsIE of Vehumet (Orc:1)
  Nessos (Orc:1)
  Snorg (D:11)
  Josephine (D:11)
  A fire dragon (Swamp:4)
  The ghost of gamerdudes the Cleaver, a journeyman HOFi of Beogh (Orc:2)
  12 hydras
  2 catoblepae
  A centaur warrior (D:10)
  4 ogre magi
  3 ghost crabs
  Erica (D:9)
  A shambling mangrove (Swamp:1)
  20 two-headed ogres
  12 alligators
  The ghost of selver the Martial Artist, a novice DsAK of Lugonu (D:9)
  Urug (D:13)
  A spriggan druid (Swamp:3)
  12 swamp dragons
  An unseen horror (D:11)
  Pikel (D:6)
  2 orc sorcerers
  2 manticores
  8 slime creatures
  11 elephants
  3 salamanders (Volcano)
  An ugly thing (D:8)
  A cyclops (D:14)
  2 black mambas
  An ice statue (D:12)
  2 gargoyles (D:12)
  A freezing wraith (D:12)
  20 spiny frogs
  2 rime drakes
  4 komodo dragons
  6 trolls
  16 hornets
  7 polar bears
  A queen bee (Lair:2)
  10 tyrant leeches
  2 spectral orcs (Orc:2)
  33 blink frogs
  9 bog bodies
  8 dream sheep
  9 hippogriffs
  17 spriggans
  2 wyverns
  A shadow (D:12)
  42 yaks
  4 wraiths
  2 basilisks
  3 fire bats
  3 steam dragons
  26 vampire mosquitoes
  9 swamp worms
  10 wargs
  Edmund (D:5)
  17 insubstantial wisps
  6 water moccasins
  Duvessa (D:5)
  2 hell hounds (Volcano)
  A spectral troll (Orc:2)
  8 ice beasts
  15 orc warriors
  8 porcupines
  10 swamp drakes
  6 sky beasts
  A slave (Temple)
  3 black bears
  34 wolves
  4 boggarts (Lair:6)
  36 ogres
  3 phantoms
  9 crocodiles
  4 centaurs
  3 big kobolds
  12 bullfrogs
  A gnoll sergeant (D:7)
  Dowan (D:5)
  9 scorpions
  16 killer bees
  A spectral ogre (Orc:2)
  5 wights (D:9)
  7 howler monkeys
  A quasit (D:11)
  5 crimson imps
  4 centaur skeletons
  4 jellies
  2 bullfrog zombies
  2 hounds
  Crazy Yiuf (D:5)
  11 orc priests
  2 bullfrog skeletons
  10 worker ants
  Jessica (D:4)
  An iguana (D:3)
  12 orc wizards
  A killer bee zombie (D:8)
  2 hound zombies
  A hound skeleton (D:6)
  16 gnolls
  15 adders
  2 howler monkey skeletons
  A worker ant zombie (D:8)
  An ogre simulacrum (Orc:2)
  3 shadow imps
  2 white imps (D:12)
  3 orc simulacra (Orc:2)
  2 adder zombies
  3 worms
  An adder skeleton (D:7)
  4 dart slugs
  6 leopard geckos
  66 orcs
  3 giant cockroaches
  11 goblins
  11 hobgoblins
  21 jackals
  5 quokkas
  2 ball pythons
  10 bats
  6 frilled lizards
  A jackal skeleton (D:5)
  16 kobolds
  A quokka skeleton (D:4)
  7 rats
  A butterfly (Lair:2)
866 creatures vanquished.

Vanquished Creatures (others)
  A hydra (Swamp:4)
  A two-headed ogre (Volcano)
  A lindwurm (Swamp:4)
  A komodo dragon (Lair:5)
  A swamp worm (Swamp:3)
  A slave (D:6)
  7 swamp drakes (Swamp:4)
  An orc wizard (D:6)
  An orc (D:6)
  9 fungi
  5 plants
29 creatures vanquished.

Grand Total: 895 creatures vanquished

Notes
Turn   | Place    | Note
-------+----------+-------------------------------------------
     0 | D:1      | mandarbmax the Centaur Hunter began the quest for the Orb.
     0 | D:1      | Reached XP level 1. HP: 17/17 MP: 1/1
   368 | D:1      | Reached skill level 6 in Bows
   368 | D:1      | Reached XP level 2. HP: 24/24 MP: 2/2
   905 | D:1      | Reached XP level 3. HP: 15/29 MP: 3/3
  1892 | D:2      | Reached skill level 7 in Bows
  2029 | D:2      | Found a burning altar of Makhleb.
  2113 | D:2      | Reached XP level 4. HP: 36/36 MP: 4/4
  2130 | D:2      | Found an ancient bone altar of Kikubaaqudgha.
  2814 | D:2      | Reached skill level 8 in Bows
  2922 | D:2      | Reached XP level 5. HP: 16/41 MP: 5/5
  3786 | D:3      | Found a snail-covered altar of Cheibriados.
  3788 | D:3      | Found a shimmering altar of Xom.
  3788 | D:3      | Found a radiant altar of Vehumet.
  3790 | D:3      | Found a hazy altar of Hepliaklqana.
  3790 | D:3      | Found a shimmering altar of Xom.
  3790 | D:3      | Found a sparkling altar of Nemelex Xobeh.
  3925 | D:3      | Reached skill level 9 in Bows
  5032 | D:3      | Reached XP level 6. HP: 27/48 MP: 6/6
  5488 | D:3      | Reached skill level 10 in Bows
  5751 | D:4      | You fall into a shaft and drop 3 floors!
  5910 | D:7      | Reached XP level 7. HP: 15/57 MP: 7/7
  6452 | D:6      | Found a staircase to the Ecumenical Temple.
  6474 | D:6      | Noticed Pikel
  6479 | Temple   | Entered the Ecumenical Temple
  6643 | Temple   | Became a worshipper of Warmaster Okawaru
  6713 | D:6      | Killed Pikel
  6713 | D:6      | Reached * piety under Okawaru
  6713 | D:6      | Reached skill level 5 in Fighting
  6713 | D:6      | Reached XP level 8. HP: 39/69 MP: 8/8
  7434 | D:5      | Entered Level 5 of the Dungeon
  7578 | D:5      | Found a snail-covered altar of Cheibriados.
  7660 | D:5      | Noticed Dowan
  7662 | D:5      | Noticed Duvessa
  7685 | D:5      | Killed Duvessa
  7690 | D:5      | Killed Dowan
  7690 | D:5      | Reached ** piety under Okawaru
  7690 | D:5      | Reached skill level 5 in Dodging
  7932 | D:4      | Found a blossoming altar of Fedhas.
  8351 | D:4      | Found a sparkling altar of Nemelex Xobeh.
  8351 | D:4      | Noticed Jessica
  8353 | D:4      | Killed Jessica
  8486 | D:5      | Found a shadowy altar of Dithmenos.
  8488 | D:5      | Found a hazy altar of Hepliaklqana.
  8517 | D:5      | Reached XP level 9. HP: 79/79 MP: 9/9
  8519 | D:5      | Noticed Edmund
  8558 | D:5      | Killed Edmund
  8727 | D:5      | Found a runed translucent door.
  8728 | D:5      | Noticed Crazy Yiuf
  8887 | D:5      | Found a hide-covered altar of Uskayaw.
  9117 | D:5      | Killed Crazy Yiuf
 11213 | D:7      | Reached *** piety under Okawaru
 11795 | D:8      | Found Bofois's Book Shoppe.
 11841 | D:8      | Reached skill level 1 in Invocations
 11982 | D:8      | Identified a scroll of acquirement
 11982 | D:8      | Acquired a manual of Bows
 12088 | D:8      | Noticed a cyan ugly thing
 12089 | D:8      | Found the +7 lajatang of Order {silver, rMut}
 12111 | D:8      | Killed a cyan ugly thing
 12111 | D:8      | Reached skill level 11 in Bows
 12111 | D:8      | Reached XP level 10. HP: 44/93 MP: 8/12
 12117 | D:8      | Reached **** piety under Okawaru
 12587 | D:8      | Received a gift from Okawaru
 12754 | D:8      | Found Fyuroath's Mayhem Merchandise.
 12767 | D:8      | Noticed a two-headed ogre
 12830 | D:8      | Killed a two-headed ogre
 12830 | D:8      | Received a gift from Okawaru
 12830 | D:8      | Reached skill level 10 in Fighting
 12830 | D:8      | Reached skill level 12 in Bows
 13463 | D:8      | Got a fine rapier
 13464 | D:8      | Identified the cursed +1 rapier "Tudyemio" {freeze, rElec}
                  | (You found it on level 8 of the Dungeon)
 13899 | D:9      | Found a runed translucent gate.
 13901 | D:9      | Found a runed translucent gate.
 13901 | D:9      | Noticed selver's ghost (novice DsAK)
 13902 | D:9      | Found a runed translucent gate.
 13993 | D:9      | Reached skill level 5 in Invocations
 14340 | D:9      | Noticed a two-headed ogre
 14394 | D:9      | Killed a two-headed ogre
 14394 | D:9      | Reached ***** piety under Okawaru
 14394 | D:9      | Received a gift from Okawaru
 14394 | D:9      | Reached skill level 13 in Bows
 14653 | D:9      | Noticed Gastronok
 15182 | D:8      | Killed Gastronok
 15182 | D:8      | Received a gift from Okawaru
 15182 | D:8      | Reached skill level 14 in Bows
 15182 | D:8      | Reached XP level 11. HP: 55/102 MP: 12/15
 15489 | D:9      | Noticed Erica
 15508 | D:9      | Killed Erica
 16043 | D:10     | Entered Level 10 of the Dungeon
 16204 | D:10     | Found Raxebah's Assorted Antiques.
 16241 | D:10     | Bought 3 scrolls labeled GILAET USMUFUTOGA for 69 gold
                  | pieces
 16241 | D:10     | Bought a sedimented emerald potion for 20 gold pieces
 16241 | D:10     | Bought a scroll labeled JELIJE YSTRUZIFU for 23 gold pieces
 16269 | D:10     | Noticed a two-headed ogre
 16274 | D:10     | Killed a two-headed ogre
 16294 | D:10     | Reached skill level 15 in Bows
 16403 | D:10     | Found a staircase to the Lair.
 16624 | D:10     | Noticed a centaur warrior
 16628 | D:10     | Killed a centaur warrior
 16628 | D:10     | Received a gift from Okawaru
 16754 | D:10     | Found a staircase to the Orcish Mines.
 16759 | D:10     | Received a gift from Okawaru
 16963 | D:11     | Found a stormy altar of Qazlal.
 17035 | Lair:1   | Entered Level 1 of the Lair of Beasts
 17037 | Lair:1   | Found a dark tunnel.
 17046 | Volcano  | Entered a volcano
 17074 | Volcano  | Noticed a two-headed ogre
 17074 | Volcano  | Noticed a two-headed ogre
 17083 | Volcano  | Killed a two-headed ogre
 17083 | Volcano  | Reached skill level 16 in Bows
 17089 | Volcano  | Gained mutation: You tend to lose your temper in combat.
                  | [potion of mutation]
 17089 | Volcano  | Gained mutation: Your flesh is cold resistant. (rC+)
                  | [potion of mutation]
 17089 | Volcano  | Gained mutation: Your spells are a little easier to cast,
                  | but a little less powerful. [potion of mutation]
 17089 | Volcano  | Gained mutation: You have a pair of small horns on your
                  | head. [potion of mutation]
 17115 | Volcano  | Killed a two-headed ogre
 17115 | Volcano  | Received a gift from Okawaru
 17183 | Volcano  | Noticed a two-headed ogre
 17190 | Volcano  | Killed a two-headed ogre
 17643 | Lair:1   | Received a gift from Okawaru
 17643 | Lair:1   | Reached XP level 12. HP: 95/112 MP: 18/18
 17655 | Lair:1   | Reached skill level 17 in Bows
 18054 | Lair:1   | Reached ****** piety under Okawaru
 18257 | Lair:1   | Received a gift from Okawaru
 18342 | Lair:1   | Found a snail-covered altar of Cheibriados.
 18482 | Lair:1   | Noticed a four-headed hydra
 18487 | Lair:1   | Killed a four-headed hydra
 18487 | Lair:1   | Reached skill level 10 in Invocations
 18757 | Lair:2   | Reached skill level 18 in Bows
 19066 | Lair:2   | Found a staircase to the Swamp.
 19066 | Lair:2   | Noticed a four-headed hydra
 19092 | Lair:2   | Killed a four-headed hydra
 19092 | Lair:2   | Received a gift from Okawaru
 19381 | Lair:2   | Received a gift from Okawaru
 19395 | Lair:2   | Reached skill level 19 in Bows
 19610 | Lair:2   | Received a gift from Okawaru
 20558 | Lair:3   | Reached XP level 13. HP: 123/123 MP: 20/20
 20901 | Lair:3   | Found a hole to the Spider Nest.
 22013 | Lair:4   | Reached skill level 20 in Bows
 22018 | Lair:4   | Reached skill level 1 in Armour
 22041 | Lair:4   | Received a gift from Okawaru
 22081 | Lair:4   | Received a gift from Okawaru
 22519 | Lair:5   | Received a gift from Okawaru
 22876 | Lair:5   | Received a gift from Okawaru
 23733 | Lair:6   | Entered Level 6 of the Lair of Beasts
 23751 | Lair:6   | Found a viscous altar of Jiyva.
 23751 | Lair:6   | Found a staircase to the Slime Pits.
 23991 | Lair:6   | Reached skill level 5 in Armour
 24260 | Lair:6   | Reached XP level 14. HP: 132/132 MP: 21/21
 24302 | Lair:6   | Received a gift from Okawaru
 24559 | Lair:6   | Received a gift from Okawaru
 24740 | Lair:6   | Received a gift from Okawaru
 25212 | Orc:1    | Entered Level 1 of the Orcish Mines
 25228 | Orc:1    | Found a roughly hewn altar of Beogh.
 25287 | D:10     | Bought a scroll of acquirement for 1196 gold pieces
 25375 | Orc:1    | Found a runed translucent door.
 25381 | Orc:1    | Noticed dcgrp's ghost (journeyman DsIE)
 25457 | Orc:1    | You fall into a shaft and drop 1 floor!
 25457 | Orc:2    | Entered Level 2 of the Orcish Mines
 25615 | Orc:1    | Received a gift from Okawaru
 25875 | Orc:2    | Noticed Nessos
 26265 | Orc:1    | Received a gift from Okawaru
 26651 | Orc:1    | Got a translucent centaur barding {god gift}
 26688 | Orc:1    | Killed Nessos
 26983 | Orc:2    | Noticed an orc warlord
 26997 | Orc:2    | Killed an orc warlord
 27364 | Orc:2    | Identified the +2 centaur barding "Natiom" {rC+} (Okawaru
                  | gifted it to you on level 1 of the Orcish Mines)
 27422 | Orc:2    | Found Iquhacot's Food Shoppe.
 27422 | Orc:2    | Found Dacwox's Weapon Shop.
 27422 | Orc:2    | Found Buaptyc's Antique Weapon Boutique.
 27422 | Orc:2    | Found Lowkiyh's Armour Shoppe.
 27429 | Orc:2    | Reached skill level 10 in Dodging
 27503 | Orc:2    | Found a staircase to the Elven Halls.
 27508 | Orc:2    | Received a gift from Okawaru
 27994 | Orc:2    | Found a runed translucent gate.
 27994 | Orc:2    | Found a runed translucent gate.
 27998 | Orc:2    | Noticed gamerdudes's ghost (journeyman HOFi)
 28006 | Orc:2    | Found a runed translucent gate.
 28460 | Orc:1    | Killed dcgrp's ghost
 28514 | Orc:1    | Identified the Handbook of the Earthen Snowflakes
 28562 | Orc:2    | Reached XP level 15. HP: 138/138 MP: 14/22
 28576 | Orc:2    | Killed gamerdudes's ghost
 28742 | D:9      | Killed selver's ghost
 28949 | D:10     | Bought a scroll of identify for 46 gold pieces
 28949 | D:10     | Bought a scroll of enchant weapon for 172 gold pieces
 28969 | D:11     | Noticed Snorg
 28978 | D:11     | Killed Snorg
 28978 | D:11     | Received a gift from Okawaru
 29065 | D:11     | Noticed Josephine
 29071 | D:11     | Killed Josephine
 29261 | D:11     | Acquired 3690 gold pieces
 29262 | D:11     | Acquired the +0 centaur barding of Narcissism {rC+ Str+4
                  | Int+3 Dex+3}
 29761 | D:11     | Found a runed translucent gate.
 29761 | D:11     | Found a runed translucent gate.
 29761 | D:11     | Found a runed translucent gate.
 29762 | D:11     | Noticed xzight's ghost (journeyman MiBe)
 30813 | D:12     | You fall into a shaft and drop 3 floors!
 30813 | D:15     | Entered Level 15 of the Dungeon
 31034 | D:13     | Noticed Urug
 31043 | D:13     | Killed Urug
 31393 | D:12     | Found a portal to a secret trove of treasure.
 31595 | Swamp:1  | Entered Level 1 of the Swamp
 32089 | Swamp:1  | Received a gift from Okawaru
 32334 | Swamp:1  | Received a gift from Okawaru
 33390 | Swamp:1  | Reached skill level 10 in Armour
 34593 | Swamp:2  | Received a gift from Okawaru
 34675 | Swamp:2  | Reached XP level 16. HP: 122/146 MP: 23/23
 34924 | Swamp:2  | Found a shimmering altar of Xom.
 36581 | Swamp:4  | Entered Level 4 of the Swamp
 36635 | Swamp:4  | Received a gift from Okawaru
 36640 | Swamp:4  | Noticed a thorn hunter
 36648 | Swamp:4  | Killed a thorn hunter
 36707 | Swamp:4  | Received a gift from Okawaru
 36735 | Swamp:4  | Received a gift from Okawaru
 36745 | Swamp:4  | Killed from afar by a fire dragon

Illustrated notes

Levels and vault maps discovered:
D:1:      dpeg_chamrin_arrival_tetris, layout_basic
D:2:      layout_basic, lemuel_doored_altar, kiku_gazebo_pond_becter,
          first_ration
D:3:      layout_loops_corners, doesnt_xom_only_xom
D:4:      layout_basic, nicolae_overflow_hidden_temple, fedhas_altar_3,
          nemelex_lonely_heart_becter
D:5:      layout_rooms, riverfiend_overflow_shadow_ancestor,
          overflow_temple_1_default, lemuel_round_altar,
          uniq_crazy_yiuf_cottage, uniq_edmund, uniq_duvessa
D:6:      layout_basic, minmay_temple_entry_junction_2, patterned_corridor,
          uniq_pikel
D:7:      layout_rooms, grunt_ogre_cave
D:8:      minmay_the_grid_triangle_9x9_rhombus_thin
          [minmay_the_grid_triangle_9x9_skeleton,
          minmay_the_grid_triangle_9x9_prize_center,
          minmay_the_grid_triangle_9x9_pentomino_pain,
          minmay_the_grid_triangle_9x9_from_above], layout_gridville,
          serial_shops, shop, minmay_shop_mayhem
D:9:      layout_gridville, ebering_ghost_rock_garden, uniq_gastronok,
          uniq_erica
D:10:     layout_roguey, david_lair_generic, serial_shops, nicolae_shop_crystal,
          minivault_1, serial_bayou_pond_e
D:11:     layout_long_grid, gammafunk_ghost_hydra_chop, columned_hall_lemuel,
          nicolae_qazlal_style_of_elements, uniq_snorg, uniq_josephine
D:12:     layout_cave_pods, nicolae_trove_entry_crystal, ice2_lemuel
D:13:     layout_long_grid, uniq_urug, uniq_azrael
D:14:     mludivico_vault, layout_basic, david_vaults_4
D:15:     grunt_enter_depths_giant_problem, layout_irregular_city,
          nicolae_gozag_zags_fifth_avenue, basic_altar, serial_undead,
          serial_undead_a, serial_undead_c, serial_undead_e, serial_undead_b,
          serial_undead_d, serial_undead_d, onia_ninara_cookie
Temple:   nicolae_temple_figure_eight
Lair:1:   layout_gridlike, basic_altar, nicolae_volcano_entry_lava_flow,
          hangedman_lair_unloving_vines
Lair:2:   layout_roguey, minmay_swamp_entry_worms, special_room
          [special_room_bee], serial_bayou_pond_e, lemuel_fruit_fields
Lair:3:   layout_chaotic_city, dummy_spider_entry, infiniplex_staircase_pool
Lair:4:   layout_cave_pods
Lair:5:   layout_roguey, grunt_megastairs_2, infiniplex_staircase_pool_2
Lair:6:   minmay_lair_end_enchanted_forest, layout_cave_shapes, slime_altar_1
Swamp:1:  layout_falls_marsh, evilmike_swamp_ruin_house_3
Swamp:2:  layout_basic_swamp, lemuel_altar_in_water
Swamp:3:  layout_basic_swamp, evilmike_swamp_ruin_rubble_2, swamp_pool3
Swamp:4:  swamp_fiery, layout_basic_swamp, gammafunk_ghost_hydra_chop,
          water_boxes_lemuel, uniq_bai_suzhen
Orc:1:    layout_diamond_mine, ebering_ghost_reflecting_pool, basic_altar
Orc:2:    st_orc_ogre_mass, layout_caves, gammafunk_ghost_necromancy,
          uniq_nessos

Skill      XL: |  1  2  3  4  5  6  7  8  9 10 11 12 13 14 15 16 |
---------------+-------------------------------------------------+-----
Bows           | 6 7 8 9 10 11 14 16 19 20 | 20.7
Fighting       | 3 5 7 9 11 12 13 14 | 14.0
Dodging        | 2 4 5 6 8 10 11 12 | 12.0
Invocations    | 3 6 9 10 | 10.0
Armour         | 5 8 10 11 | 11.3
Stealth        | |  0.4

Action                   |  1- 3 |  4- 6 |  7- 9 | 10-12 | 13-15 | 16-18 || total
-------------------------+-------+-------+-------+-------+-------+-------++-------
Melee: Short sword       |    95 |       |    56 |       |       |       ||   151
       Kick              |    16 |    24 |    48 |    22 |     1 |       ||   111
       Spear             |    16 |   168 |    68 |       |       |       ||   252
       Lajatang          |       |       |    29 |       |       |       ||    29
       Rapier            |       |       |       |    86 |       |       ||    86
       Punch             |       |       |       |     1 |       |       ||     1
       Longbow           |       |       |       |       |     1 |       ||     1
       Headbutt          |       |       |       |       |     1 |       ||     1
 Fire: Shortbow          |    31 |   109 |   404 |    89 |       |       ||   633
       Longbow           |       |       |       |   382 |  1287 |   243 ||  1912
Throw: Dart              |       |       |     2 |    86 |       |       ||    88
Invok: Heroism           |       |       |     1 |     4 |     3 |       ||     8
       Finesse           |       |       |       |     3 |     2 |       ||     5
Evoke: Wand              |       |       |       |    13 |       |       ||    13
       Tin of tremorston |       |       |       |     3 |     4 |       ||     7
  Use: Potion            |       |     2 |       |    15 |       |       ||    17
       Scroll            |       |     9 |    10 |    11 |    16 |       ||    46
  Eat: Chunk             |     3 |    10 |    13 |    15 |    32 |     6 ||    79
       Ration            |       |       |     1 |     2 |     1 |       ||     4
Armor: Leather armour    |    58 |    75 |       |     5 |       |       ||   138
       Ring mail         |       |     5 |   109 |    85 |    27 |       ||   226
       Skin              |       |       |       |    16 |       |       ||    16
       Scale mail        |       |       |       |       |   152 |       ||   152
       Swamp dragon scal |       |       |       |       |    54 |    49 ||   103
Dodge: Dodged            |    70 |    92 |   168 |   110 |   256 |    55 ||   751
       Repelled          |       |       |       |       |    15 |     2 ||    17
